 Dungeon Crawl Stone Soup version 0.18-a0-1702-gd20c6a5 (webtiles) character file.

28 HeOfManyNames the Insei (level 2, -10/24 HPs)
             Began as a Mummy Monk on Apr 7, 2016.
             Mangled by an iguana (11 damage)
             ... on level 4 of the Dungeon.
             The game lasted 00:01:03 (1058 turns).

HeOfManyNames the Insei (Mummy Monk)                Turns: 1058, Time: 00:01:03

Health: -10/24     AC:  0    Str: 14    XL:     2   Next: 96%
Magic:  2/2        EV: 12    Int:  9    God:
Gold:   65         SH:  3    Dex: 14    Spells: 0 memorised, 1 level left

rFire  x . .     SeeInvis .       - Unarmed
rCold  + . .     Gourm    .     (no armour)
rNeg   + + +     Faith    .     e - +0 buckler
rPois  ∞         Spirit   .     (no helmet)
rElec  .         Dismiss  .     (no cloak)
rCorr  .         Reflect  .     (no gloves)
SustAt .         Harm     .     (no boots)
MR     .....                    (no amulet)
Stlth  ++........               (no ring)
                                (no ring)

@: not resistant to hostile enchantments, unstealthy
A: no food or potions, fire vulnerability, cold resistance 1, negative energy
resistance 3, torment resistance, unbreathing
a: no special abilities


You were on level 4 of the Dungeon.
You were not hungry.

You visited 1 branch of the dungeon, and saw 3 of its levels.

You collected 65 gold pieces.


Innate Abilities, Weirdness & Mutations

You do not eat or drink.
Your flesh is vulnerable to fire.
You are immune to poison.
Your flesh is cold resistant.
You are immune to negative energy.
You are immune to unholy pain and torment.
You can survive without breathing.


   Skills:
 - Level 3.0 Fighting
 - Level 2.4 Dodging
 - Level 1.5 Stealth
 + Level 4.1 Unarmed Combat


You had one spell level left.
You didn't know any spells.

Inventory:

Missiles
 g - a throwing net {=f}
Armour
 e - a +0 buckler (worn)
Scrolls
 a - a scroll of fog {unknown}
 b - a scroll of recharging {unknown}
 c - a scroll of identify {unknown}
 d - a scroll of teleportation {unknown}
 f - 3 scrolls of enchant weapon {unknown}
 h - a scroll of remove curse {unknown}

Dungeon Overview and Level Annotations

Branches:
Dungeon (1/15)             Temple (0/1) D:4

Altars:
Cheibriados
Gozag
Vehumet
Xom

▒....▒ ▒
▒....▒ ▒....▒
▒....▒
▒....▒▒▒▒▒▒
▒▒▒.....£.▒▒▒
▒.▒........
▒.▒........
▒M▒........
▒l▒........
.S.........
▒▒.▒.......?
...▒▒▒▒▒...
... .▒▒ ...
▒....


You could see an iguana and an adder.


Message History

You squash the iguana like an ant!
The iguana is moderately wounded!
The iguana misses you!
You barely miss the iguana!
The iguana is moderately wounded!
The iguana barely misses you!
You closely miss the iguana!
The iguana is moderately wounded!
The iguana barely misses you!
You pummel the iguana but do no damage!
The iguana is moderately wounded!
You block the iguana's attack!
You beat the iguana into a bloody pulp!
The iguana is heavily wounded!
The iguana bites you!
You beat the iguana but do no damage!
The iguana is heavily wounded!
The iguana bites you!
You closely miss the iguana!
The iguana is heavily wounded!
The iguana bites you!!!
DANG * * * don't die
* * * You squash the iguana like an ant!
The iguana is severely wounded!
The iguana closely misses you!
You barely miss the iguana!
The iguana is severely wounded!
The iguana bites you!!! rip

Action                   || total
-------------------------++-------
Melee: Unarmed           ||    48
 Stab: Sleeping          ||     1

Vault maps used:
D:1:      lightli_arrival_flooded_house
D:2:      old_standard_altar
D:4:      grunt_temple_overflow_open, nicolae_qazlal_style_of_elements,
          minmay_temple_entry_mist

Notes
Turn   | Place    | Note
--------------------------------------------------------------
     0 | D:1      | HeOfManyNames the Mummy Monk began the quest for the Orb.
     0 | D:1      | Reached XP level 1. HP: 18/18 MP: 1/1
   147 | D:1      | You fall through a shaft!
   429 | D:2      | You fall through a shaft for 2 floors!
   437 | D:4      | Found a staircase to the Ecumenical Temple.
   446 | D:4      | Reached XP level 2. HP: 12/24 MP: 2/2
   644 | D:4      | Found a radiant altar of Vehumet.
   645 | D:4      | Found a shimmering altar of Xom.
   645 | D:4      | Found a snail-covered altar of Cheibriados.
   858 | D:4      | Found an opulent altar of Gozag.
   871 | D:4      | Reached skill level 4 in Unarmed Combat
  1056 | D:4      | HP: 1/24 [iguana (14)]
  1058 | D:4      | Mangled by an iguana

Vanquished Creatures
  2 adders (D:4)
  A dart slug (D:2)
  2 giant geckos
  A goblin (D:2)
  A jackal skeleton (D:4)
  A rat (D:1)
8 creatures vanquished.
